 Dungeon Sprint DCSS version 0.30-a0-469-g84de5afbc5 (webtiles) character file.

Game seed: 5592006025851482444

4600000 NinjaNoafa the Intangible (level 16, -34/100 HPs)
             Began as a Felid Monk on Dec 19, 2022.
             Was the Champion of Makhleb.
             Annihilated by The Servant
             ... wielding a +9 glaive of flaming
              (134 damage)
             ... in the Dungeon (Sprint VIII: "Arena of Blood").
             The game lasted 00:01:05 (46 turns).

NinjaNoafa the Intangible (Felid Monk)                Turns: 46, Time: 00:01:06

Health: -34/100    AC:  3    Str:  7    XL:     16   Next: 5%
Magic:  34/34      EV: 51    Int: 11    God:    Makhleb [******]
Gold:   0          SH:  0    Dex: 27    Spells: 32/32 levels left
                                        Lives:  0   Deaths: 4

rFire   . . .      SeeInvis +      - Unarmed
rCold   + . .      Faith    .    (shield unavailable)
rNeg    . . .      Spirit   .    (body armour unavailable)
rPois   .          Reflect  .    (helmet unavailable)
rElec   .          Harm     .    (cloak unavailable)
rCorr   .          Rampage  .    (gloves unavailable)
Will    ++...      NoTele   +    (boots unavailable)
Stlth   ++++++++++               (no amulet)
HPRegen 0.36/turn                h - +27000 ring of slaying
MPRegen 0.24/turn                i - +30 ring of slaying

@: quick
A: very small, claws 1, fangs 3, see invisible, speed 1, shaggy fur 3, stealthy
paws, no weapons or thrown items, no armour, multi-lived
a: Renounce Religion, Minor Destruction, Lesser Servant of Makhleb, Major
Destruction, Greater Servant of Makhleb


You were in the Dungeon.
You worshipped Makhleb.
Makhleb was exalted by your worship.
You visited 1 branch

Inventory:

Jewellery
 h - a +27000 ring of slaying (left paw)
 i - a +30 ring of slaying (right paw)
Scrolls
 g - a scroll of blinking
Potions
 a - a potion of ambrosia
 b - a potion of curing
 c - a potion of heal wounds
 d - a potion of haste
 e - 2 potions of magic
 f - a potion of berserk rage


   Skills:
 O Level 27 Fighting
 O Level 27 Dodging
 O Level 27 Stealth
 O Level 27 Unarmed Combat
 + Level 8.9 Spellcasting
 + Level 8.9 Conjurations
 + Level 13.5 Hexes
 + Level 9.7 Summonings
 + Level 9.7 Necromancy
 + Level 13.5 Translocations
 + Level 10.5 Transmutations
 + Level 8.9 Fire Magic
 + Level 8.9 Ice Magic
 + Level 8.3 Air Magic
 + Level 8.2 Earth Magic
 + Level 8.2 Poison Magic
 O Level 27 Invocations
 + Level 9.9 Evocations


You had 32 spell levels left.
You didn't know any spells.
Your spell library was empty.

Dungeon Overview and Level Annotations

Branches:
Dungeon (1/1)

Altars:
Makhleb

Annotations:
D The Servant


Innate Abilities, Weirdness & Mutations

You have sharp claws.
You have razor-sharp teeth.
You have supernaturally acute eyesight. (SInv)
You cover ground quickly. (Speed+)
Your thick and shaggy fur keeps you warm. (AC +3, rC+)
Your paws help you pounce on unaware monsters.
You are incapable of wielding weapons or throwing items.
You cannot wear armour.
You gain extra lives every three experience levels.


Message History

Makhleb accepts your kill.
You hear a shout! x4
Your Spellcasting skill increases to level 8!
Your Conjurations skill increases to level 8!
Your Hexes skill gained 2 levels and is now at level 13!
Your Summonings skill increases to level 9!
Your Necromancy skill increases to level 9!
Your Translocations skill gained 2 levels and is now at level 13!
Your Transmutations skill increases to level 10!
Your Fire Magic skill increases to level 8!
Your Ice Magic skill increases to level 8!
Your Air Magic skill increases to level 8!
Your Earth Magic skill increases to level 8!
Your Poison Magic skill increases to level 8!
Your Evocations skill increases to level 9!
Welcome back to level 16!
A meat berserker and a bag of meat come into view.
You hear a shout! x5
The bag of meat misses you.
The bag of meat hits your smoke demon with a +9 war axe!
A bag of meat comes into view. It is wielding a +9 war axe.
You hear a shout!
The bag of meat hits your smoke demon with a +9 war axe!
You hear a shout!
Your smoke demon barely misses the bag of meat.
Your smoke demon misses the bag of meat.
Your smoke demon hits the bag of meat.
Your cacodemon gestures at The Servant.
The Servant resists with some effort.
You hear a shout! x2
Things that are here:
a +9 war axe; a +30 ring of slaying; a bag of meat corpse You eviscerate the bag of meat!!!!!!!!!
You kill the bag of meat!
Makhleb accepts your kill.
You hear a shout!
The bag of meat hits your cacodemon with a +9 war axe!!
The Servant hits you from afar with a +9 glaive of flaming!!!!
Ouch! That really hurt!
You die...

..#.#.#o........
...#o#.oo.......
..#.#.#O........
.oz#.#.....#....
#.O...O.Ooo.z....
..##...Ooo@##V#..
..##z.)†o...o...
..o..O####o...#O
###oooo@†@2.O.O.
####3.).§.....
####.......
#######


You could see The Servant (ally target), a sculptor of flesh, 2 large bags of
meat, 2 meat berserkers, 8 bags of meat, a friendly cacodemon (summoned) and a
friendly smoke demon (summoned).

Vanquished Creatures
  3 vampire knights (D)
  7 ogres (D)
  A two-headed ogre (D)
  9 orcs (D)
20 creatures vanquished.

Notes
Turn   | Place    | Note
-------+----------+-------------------------------------------
     0 | D        | NinjaNoafa the Felid Monk began the quest for the Orb.
     0 | D        | Reached XP level 1. HP: 10/10 MP: 2/2
     1 | D        | Noticed a meat berserker
     2 | D        | Noticed a bag of meat
     3 | D        | Became a worshipper of Makhleb the Destroyer
     3 | D        | Reached * piety under Makhleb
     3 | D        | Reached ** piety under Makhleb
     6 | D        | Noticed a bag of meat
     6 | D        | Noticed a meat berserker
     6 | D        | Noticed a bag of meat
     8 | D        | Killed a meat berserker
     8 | D        | Noticed a meat berserker
     8 | D        | Noticed a bag of meat
     9 | D        | Reached skill level 15 in Fighting
     9 | D        | Reached skill level 15 in Unarmed Combat
     9 | D        | Reached skill level 15 in Invocations
     9 | D        | Reached XP level 2. HP: 26/26 MP: 2/11
     9 | D        | Reached XP level 3. HP: 30/30 MP: 2/13
     9 | D        | Reached XP level 4. HP: 34/34 MP: 2/14
     9 | D        | Reached XP level 5. HP: 37/37 MP: 2/16
     9 | D        | Gained mutation: You are covered in thick fur. (AC +2)
                  | [Felid growth]
     9 | D        | Reached XP level 6. HP: 42/42 MP: 2/17
     9 | D        | Reached XP level 7. HP: 45/45 MP: 2/19
     9 | D        | Reached XP level 8. HP: 49/49 MP: 2/20
     9 | D        | Reached XP level 9. HP: 53/53 MP: 2/21
     9 | D        | Reached XP level 10. HP: 58/58 MP: 2/22
     9 | D        | Reached XP level 11. HP: 61/61 MP: 2/23
     9 | D        | Noticed a bag of meat
    10 | D        | Noticed a meat berserker
    10 | D        | Noticed a bag of meat
    10 | D        | Noticed a bag of meat
    10 | D        | Noticed a bag of meat
    12 | D        | Noticed a bag of meat
    13 | D        | Killed a meat berserker
    13 | D        | Demolished by a meat berserker
    14 | D        | Reached XP level 10. HP: -21/58 MP: 2/22
    14 | D        | Reached XP level 11. HP: 64/64 MP: 22/24
    14 | D        | Gained mutation: Your thick and shaggy fur keeps you warm.
                  | (AC +3, rC+) [Felid growth]
    14 | D        | Reached XP level 12. HP: 69/69 MP: 22/25
    14 | D        | Noticed a bag of meat
    15 | D        | Noticed a meat berserker
    16 | D        | Noticed a bag of meat
    16 | D        | Noticed a bag of meat
    17 | D        | Noticed a meat berserker
    17 | D        | Noticed a bag of meat
    18 | D        | Noticed a meat berserker
    18 | D        | Noticed a bag of meat
    18 | D        | Noticed a large bag of meat
    18 | D        | Noticed a meat berserker
    18 | D        | Noticed a meat berserker
    18 | D        | Noticed a bag of meat
    18 | D        | Noticed a bag of meat
    18 | D        | Noticed a bag of meat
    19 | D        | Noticed a bag of meat
    19 | D        | Noticed a bag of meat
    19 | D        | Noticed a bag of meat
    19 | D        | Noticed a bag of meat
    19 | D        | Noticed a bag of meat
    20 | D        | Noticed a large bag of meat
    20 | D        | Killed a meat berserker
    21 | D        | Reached XP level 13. HP: 75/75 MP: 23/27
    21 | D        | Killed a bag of meat
    21 | D        | Reached *** piety under Makhleb
    22 | D        | Killed a bag of meat
    22 | D        | Noticed a destroyer
    22 | D        | Noticed a bag of meat
    22 | D        | Noticed a bag of meat
    23 | D        | Reached XP level 14. HP: 81/81 MP: 24/29
    23 | D        | Killed a bag of meat
    23 | D        | Noticed a meat berserker
    24 | D        | Killed a meat berserker
    24 | D        | Reached **** piety under Makhleb
    25 | D        | Reached skill level 27 in Dodging
    25 | D        | Killed a large bag of meat
    25 | D        | Noticed a bag of meat
    26 | D        | Reached XP level 15. HP: 14/90 MP: 24/31
    26 | D        | Noticed a large bag of meat
    26 | D        | Killed a meat berserker
    26 | D        | Annihilated by a meat berserker
    27 | D        | Reached XP level 14. HP: -27/86 MP: 24/30
    27 | D        | Noticed a bag of meat
    27 | D        | Noticed a large bag of meat
    27 | D        | Noticed a bag of meat
    27 | D        | Noticed a bag of meat
    27 | D        | Noticed a bag of meat
    28 | D        | Noticed a bag of meat
    29 | D        | Noticed a bag of meat
    29 | D        | Noticed The Servant
    29 | D        | Noticed a bag of meat
    29 | D        | Noticed a bag of meat
    29 | D        | Noticed a bag of meat
    30 | D        | Noticed a large bag of meat
    30 | D        | Noticed a meat berserker
    31 | D        | Noticed a destroyer
    31 | D        | Noticed a bag of meat
    32 | D        | Killed a destroyer
    32 | D        | Reached ***** piety under Makhleb
    33 | D        | Reached XP level 15. HP: 94/94 MP: 31/33
    33 | D        | Noticed a large bag of meat
    34 | D        | Reached skill level 27 in Fighting
    34 | D        | Reached skill level 27 in Unarmed Combat
    34 | D        | Reached skill level 27 in Invocations
    34 | D        | Noticed a sculptor of flesh
    35 | D        | Noticed a sculptor of flesh
    37 | D        | Killed a meat berserker
    37 | D        | HP: 1/95 [bag of meat/+9 war axe (23)]
    38 | D        | Reached skill level 27 in Stealth
    38 | D        | Reached XP level 16. HP: 1/100 MP: 31/34
    39 | D        | Reached skill level 5 in Hexes
    39 | D        | Reached skill level 5 in Translocations
    39 | D        | Killed a meat berserker
    39 | D        | Mangled by a meat berserker
    40 | D        | Reached XP level 15. HP: -13/95 MP: 31/33
    40 | D        | Reached skill level 5 in Spellcasting
    40 | D        | Reached skill level 5 in Conjurations
    40 | D        | Reached skill level 5 in Summonings
    40 | D        | Reached skill level 5 in Necromancy
    40 | D        | Reached skill level 5 in Fire Magic
    40 | D        | Reached skill level 5 in Ice Magic
    40 | D        | Reached skill level 5 in Evocations
    40 | D        | Noticed a destroyer
    41 | D        | Noticed a destroyer
    41 | D        | Annihilated by a destroyer
    42 | D        | Reached XP level 14. HP: -131/91 MP: 32/32
    42 | D        | Killed a bag of meat
    42 | D        | Noticed a destroyer
    43 | D        | Reached skill level 5 in Air Magic
    43 | D        | Reached skill level 5 in Earth Magic
    43 | D        | Reached skill level 5 in Poison Magic
    43 | D        | Reached XP level 15. HP: 95/95 MP: 33/33
    43 | D        | Killed a destroyer
    43 | D        | Noticed a meat berserker
    43 | D        | Noticed a large bag of meat
    44 | D        | Killed a destroyer
    45 | D        | Reached skill level 10 in Transmutations
    45 | D        | Reached XP level 16. HP: 100/100 MP: 34/34
    45 | D        | Noticed a meat berserker
    46 | D        | Reached ****** piety under Makhleb
    46 | D        | Annihilated by The Servant

Illustrated notes

Levels and vault maps discovered:
D:        meatsprint

Skill      XL: |  1  2  3  4  5  6  7  8  9 10 11 12 13 14 15 16 |
---------------+-------------------------------------------------+-----
Fighting       | 15 17 19 20 26 27 | 27.0
Dodging        | 19 22 24 26 27 | 27.0
Unarmed Combat | 15 17 19 20 26 27 | 27.0
Invocations    | 15 17 19 20 26 27 | 27.0
Stealth        | 27 | 27.0
Spellcasting   | 8 3 |  8.9
Conjurations   | 8 3 |  8.9
Hexes          | 9 13 5 | 13.5
Summonings     | 6 9 3 |  9.7
Necromancy     | 6 9 3 |  9.7
Translocations | 9 13 5 | 13.5
Transmutations | 7 10 3 | 10.5
Fire Magic     | 8 3 |  8.9
Ice Magic      | 8 3 |  8.9
Air Magic      | 5 8 3 |  8.3
Earth Magic    | 5 8 3 |  8.2
Poison Magic   | 5 8 3 |  8.2
Evocations     | 6 9 3 |  9.9

Action                   |  1- 3 |  4- 6 |  7- 9 | 10-12 | 13-15 | 16-18 || total
-------------------------+-------+-------+-------+-------+-------+-------++-------
Melee: Unarmed           |     1 |       |       |     2 |    14 |     3 ||    20
Invok: Minor Destruction |       |       |       |     1 |       |       ||     1
       Lesser Servant of |       |       |       |       |     1 |       ||     1
       Greater Servant o |       |       |       |       |     1 |       ||     1
Dodge: Dodged            |       |       |       |       |     9 |     2 ||    11

Table legend: (Time is in decaauts)
 A = Elapsed time spent in this place.
 B = Non-inter-level travel time spent in this place.
 C = Inter-level travel time spent in this place.
 D = Time resting spent in this place.
 E = Time spent auto-exploring this place.
 F = Levels seen in this place.
 G = Mean time per level.
                   A        B        C        D        E       F      G
               +--------+--------+--------+--------+--------+-----+--------+
         Total |     33 |     33 |      0 |      0 |      0 |   1 |   33.0 |
       Dungeon |     33 |     33 |      0 |      0 |      0 |   1 |   33.0 |
               +--------+--------+--------+--------+--------+-----+--------+

Top non-repeatable levels by time:
       D: 33 daAuts
